 Dungeon Crawl Stone Soup version 0.30.0 (webtiles) character file.

Game seed: 9843880686329748403

336 SnakkuSnakku7 the Trooper (level 6, -2/57 HPs)
             Began as a Draconian Cinder Acolyte on May 6, 2023.
             Was a High Priest of Ignis.
             Slain by a kobold brigand
             ... wielding a +2 dagger of speed
              (7 damage)
             ... on level 4 of the Dungeon.
             The game lasted 00:04:41 (3095 turns).

SnakkuSnakku7 the Trooper (DrCA)                    Turns: 3095, Time: 00:04:41

Health: -2/57      AC:  8    Str: 16    XL:     6   Next: 28%
Magic:  7/7        EV: 11    Int: 14    God:    Ignis [*****.]
Gold:   228        SH:  0    Dex:  9    Spells: 7/7 levels left

rFire   + . .        a - -1 mace (flame)
rCold   . . .        (no shield)
rNeg    . . .        (body armour unavailable)
rPois   .            l - +2 hat
rElec   .            (no cloak)
rCorr   .            (no gloves)
SInv    .            (no boots)
Will    .....        (no amulet)
Stlth   +            (no ring)
HPRegen 0.29/turn    (no ring)
MPRegen 0.10/turn

%: no passive effects
@: no status effects
A: AC +6, unfitting armour, cold-blooded
a: Renounce Religion, Fiery Armour, Foxfire Swarm, Rising Flame


You were on level 4 of the Dungeon.
You worshipped Ignis.
Ignis was extremely pleased with you.
You visited 1 branch of the dungeon, and saw 4 of its levels.

You collected 228 gold pieces.

Inventory:

Hand Weapons
 a - a -1 mace of flaming (weapon)
Missiles
 g - 4 poisoned darts (quivered)
 q - 2 boomerangs
Armour
 l - a +2 hat (worn)
Wands
 r - a wand of digging (1)
Scrolls
 b - a scroll of summoning
 c - a scroll of noise {unknown}
 d - 2 scrolls of teleportation
 e - 4 scrolls of magic mapping {unknown}
 f - a scroll of immolation {unknown}
 j - a scroll of poison {unknown}
 m - a scroll of enchant armour {unknown}
 p - a scroll of amnesia {unknown}
Potions
 h - a potion of attraction
 i - a potion of curing
 k - a potion of brilliance
 n - a potion of heal wounds


   Skills:
 + Level 6.0 Fighting
 + Level 5.4 Maces & Flails
 - Level 1.0 Spellcasting
 - Level 3.0 Fire Magic


You had 7 spell levels left.
You didn't know any spells.
Your spell library contained the following spells:

 Spells                   Type           Power      Damage    Failure   Level
 Scorch                   Fire           18%        2d6       12%         2
 Sandblast                Erth           0%         2d4       26%         1
 Passwall                 Tmut/Erth      0%         N/A       36%         2
 Volatile Blastmotes      Fire/Tloc      8%         2d10      38%         3
 Dazzling Flash           Conj/Hex       0%         N/A       61%         3
 Stone Arrow              Conj/Erth      0%         3d7       61%         3
 Iskenderun's Mystic Bla  Conj/Tloc      0%         2d3       95%         4
 Starburst                Conj/Fire      2%         6d3       100%        6


Dungeon Overview and Level Annotations

Branches:
Dungeon (4/15)             Temple (0/1) D:4

Altars:
Makhleb


Innate Abilities, Weirdness & Mutations

Your plain brown scales are hard. (AC +6)
You cannot fit into any form of body armour.
You are cold-blooded and may be slowed by cold attacks.


Message History

The kobold brigand completely misses you.
The kobold brigand misses you.
You hit the kobold brigand. You burn the kobold brigand.
Your tail-slap misses the kobold brigand.
The kobold brigand is severely wounded.
The kobold brigand barely misses you.
You hit the kobold brigand. You burn the kobold brigand.
Your tail-slap misses the kobold brigand.
The kobold brigand is severely wounded.
The kobold brigand drinks a potion.
The kobold brigand is healed!
You hit the kobold brigand. You burn the kobold brigand.
The kobold brigand is heavily wounded.
The kobold brigand hits you but does no damage.
The kobold brigand completely misses you.
You miss the kobold brigand.
The kobold brigand is heavily wounded.
The kobold brigand hits you with a +2 dagger of speed. x2
You barely miss the kobold brigand.
The kobold brigand is heavily wounded.
The kobold brigand closely misses you.
The kobold brigand hits you with a +2 dagger of speed.
You hit the kobold brigand but do no damage.
The kobold brigand is heavily wounded.
The kobold brigand hits you with a +2 dagger of speed.
* * * LOW HITPOINT WARNING * * *
You hit the kobold brigand. You burn the kobold brigand.
The kobold brigand is heavily wounded.
The kobold brigand hits you with a +2 dagger of speed.
* * * LOW HITPOINT WARNING * * *
The kobold brigand hits you but does no damage.
You hit the kobold brigand but do no damage.
The kobold brigand is heavily wounded.
The kobold brigand hits you with a +2 dagger of speed.
* * * LOW HITPOINT WARNING * * *
The kobold brigand hits you but does no damage.
You closely miss the kobold brigand.
The kobold brigand is heavily wounded.
The kobold brigand closely misses you.
The kobold brigand hits you with a +2 dagger of speed!
You die...

..[......>.......####........#
######.#....#....#(.#.......##
#....#..###....#..###....## #
######.#.........#..#
#..#..#####
...)............##..
##........+
####......###..##..#
#####....##
...............##..# ~~#
####...
##..<..........#..##≈~~# ###.
#....###.#.#..#@K#≈≈~~# #.
#....# #.#.#..#..##≈~~# ##
#....# #......##..# # # #....#
#.#.#..##..# #....#
#.#.#..##..#
.....###.#.#..##))#
###............~#..##
...#.#.#..~##..#
.........~~#..##


You could see a kobold brigand.

Vanquished Creatures
  A scorpion (D:4)
  A jelly (D:3)
  A hound (D:4)
  Ijyb (D:3)
  An orc wizard (D:4)
  2 adders (D:3)
  4 gnolls
  2 worms (D:2)
  3 dart slugs
  10 orcs
  5 endoplasms
  A giant cockroach (D:4)
  A goblin (D:2)
  11 hobgoblins
  3 jackals (D:3)
  5 quokkas
  6 ball pythons
  12 bats
  4 frilled lizards
  13 kobolds
  5 rats
92 creatures vanquished.

Notes
Turn   | Place    | Note
-------+----------+-------------------------------------------
     0 | D:1      | SnakkuSnakku7 the Draconian Cinder Acolyte began the quest
                  | for the Orb.
     0 | D:1      | Reached XP level 1. HP: 19/19 MP: 2/2
   285 | D:1      | Reached XP level 2. HP: 24/26 MP: 3/3
   745 | D:2      | You fall into a shaft and drop 1 floor!
   906 | D:2      | Reached skill level 4 in Fighting
   906 | D:2      | Reached XP level 3. HP: 26/33 MP: 4/4
  1375 | D:3      | Reached XP level 4. HP: 24/41 MP: 5/5
  1999 | D:3      | Reached skill level 5 in Fighting
  2030 | D:3      | Reached XP level 5. HP: 18/48 MP: 6/6
  2231 | D:3      | Found a burning altar of Makhleb.
  2233 | D:3      | Noticed Ijyb
  2240 | D:3      | Killed Ijyb
  2546 | D:4      | Reached skill level 5 in Maces & Flails
  2553 | D:4      | Reached XP level 6. HP: 35/57 MP: 7/7
  2817 | D:4      | Found a staircase to the Ecumenical Temple.
  3055 | D:4      | Reached skill level 6 in Fighting
  3095 | D:4      | Slain by a kobold brigand

Illustrated notes

Levels and vault maps discovered:
D:1:      dpeg_arrival_shelter, layout_loops_ring
D:2:      layout_basic
D:3:      layout_loops_ring, lemuel_round_altar, uniq_ijyb
D:4:      cheibrodos_thug_alley, layout_basic, minmay_temple_entry_large_hall

Skill      XL: |  1  2  3  4  5  6 |
---------------+-------------------+-----
Fighting       | 4 5 6 |  6.0
Maces & Flails | 4 5 |  5.4
Spellcasting   | |  1.0
Fire Magic     | |  3.0

Action                     |  1- 3 |  4- 6 || total
---------------------------+-------+-------++-------
  Melee: Mace              |   163 |   241 ||   404
         Tailslap          |    11 |    28 ||    39
         Punch             |     1 |     1 ||     2
  Throw: Throwing net      |       |     1 ||     1
    Use: Scroll            |       |     6 ||     6
         Potion            |       |     1 ||     1
   Stab: Sleeping          |     1 |       ||     1
 Armour: Skin              |    81 |   108 ||   189
  Dodge: Dodged            |   122 |   159 ||   281
